 Dungeon Crawl Stone Soup version 0.27.1-35-g4d5d836560 (console) character file.

Game seed: 8094117529325927387

2073659 grimtooth the Acrobat (level 27, 179/268 HPs)
             Began as a Deep Dwarf Necromancer on Dec 27, 2022.
             Was the Champion of Makhleb.
             Escaped with the Orb
             ... and 4 runes on Jan 9, 2023!
             The game lasted 15:45:10 (96809 turns).

grimtooth the Acrobat (Deep Dwarf Necromancer)     Turns: 96809, Time: 15:45:10

Health: 179/268    AC: 27    Str: 24    XL:     27
Magic:  8/16       EV: 20    Int: 24    God:    Makhleb [******]
Gold:   1964       SH: 21    Dex: 13    Spells: 19/44 levels left

rFire    + + .     SeeInvis +   a - +9 demon trident (vamp)
rCold    + + .     Faith    .   t - +2 shield of Resistance {rF++ rC++ Will++}
rNeg     + + +     Spirit   .   T - quicksilver dragon scales
rPois    +         Reflect  +   L - +2 helmet {SInv}
rElec    +         Harm     .   J - +2 cloak {rPois}
rCorr    +         Rampage  .   N - +2 pair of gloves
Will     +++++     Rnd*Rage +   H - +2 pair of boots {Fly}
Stlth    +.........             v - amulet "Quosao" {Reflect Str+4 SH+5}
HPRegen  0.00/turn              o - ring "Ogaafekh" {rF- rN+++ Will+ Int+6 Dex+3}
MPRegen  0.15/turn              m - ring "Emehinui" {Drain rElec rF+ rCorr Slay+5, =R}

@: flying, hasted (expiring), studying 4 skills, very quick
A: damage resistance, heal wounds, negative energy resistance 1, sense
surroundings 3, no regeneration, talons 1, iridescent scales 1, berserk 1,
clumsy 2, deformed body, dopey 1, low mp 3, poison resistance, evolution 1, no
potion heal 1, subdued magic 1, inability to read while threatened, MP-powered
wands
0: Orb of Zot
}: 4/15 runes: serpentine, barnacled, slimy, silver
a: Heal Wounds, Renounce Religion, Minor Destruction, Lesser Servant of Makhleb,
Major Destruction, Greater Servant of Makhleb


You escaped.
You worshipped Makhleb.
Makhleb was exalted by your worship.
You visited 12 branches of the dungeon, and saw 57 of its levels.
You also visited: Gauntlet, Ice Cave and Wizlab.

You collected 8214 gold pieces.
You spent 6250 gold pieces at shops.

Inventory:

Hand Weapons
 a - a +9 vampiric demon trident (weapon)
 f - the +5 broad axe of the Exiled Ears {pain, +Blink rF++ Dex-3}
   (You found it on level 5 of the Pits of Slime)

   In the hands of one skilled in necromantic magic, it inflicts extra damage on
   living creatures.
   Dex:       It affects your dexterity (-3).
   rF:        It greatly protects you from fire.
   +Blink:    It lets you blink.
Missiles
 e - 59 silver javelins (quivered)
 q - 10 throwing nets {=f}
 y - 23 curare-tipped darts
 X - 18 silver boomerangs
Armour
 l - the +2 hat of the Mind {rElec rN+ Will+ Str+4}
   (You found it in a Gauntlet)

   Str:       It affects your strength (+4).
   rElec:     It insulates you from electricity.
   rN:        It protects you from negative energy.
   Will:      It increases your willpower.
 t - the +2 shield of Resistance (worn) {rF++ rC++ Will++}
   (You took it off a deep elf elementalist on level 3 of the Elven Halls)

   rF:        It greatly protects you from fire.
   rC:        It greatly protects you from cold.
   Will:      It greatly increases your willpower.
 H - a +2 pair of boots of flying (worn)
 J - a +2 cloak of poison resistance (worn)
 L - a +2 helmet of see invisible (worn)
 N - a +2 pair of gloves (worn)
 T - quicksilver dragon scales (worn)
Magical Staves
 b - a staff of death
Jewellery
 m - the ring "Emehinui" (right hand) {Drain rElec rF+ rCorr Slay+5, =R}
   (You took it off a vault guard on level 5 of the Vaults)

   [ring of protection from fire]

   Slay:      It affects your accuracy & damage with ranged weapons and melee
   (+5).
   rF:        It protects you from fire.
   rElec:     It insulates you from electricity.
   rCorr:     It protects you from acid and corrosion.
   Drain:     It drains your maximum health when unequipped.
 o - the ring "Ogaafekh" (left hand) {rF- rN+++ Will+ Int+6 Dex+3}
   (You found it on level 3 of the Depths)

   [ring of intelligence]

   Int:       It affects your intelligence (+6).
   Dex:       It affects your dexterity (+3).
   rF:        It makes you vulnerable to fire.
   rN:        It renders you almost immune to negative energy.
   Will:      It increases your willpower.
 s - the ring of Xom's Envy {EV+4 Str+3 Dex+4}
   (You took it off a minotaur in a Gauntlet)

   [ring of evasion]

   EV:        It affects your evasion (+4).
   Str:       It affects your strength (+3).
   Dex:       It affects your dexterity (+4).
 v - the amulet "Quosao" (around neck) {Reflect Str+4 SH+5}
   (You took it off a vault guard on level 5 of the Vaults)

   [amulet of reflection]

   It reflects blocked missile attacks.
   Str:       It affects your strength (+4).
   SH:        It affects your SH (+5).
Wands
 C - a wand of flame (40)
 F - a wand of acid (22)
 I - a wand of polymorph (40)
 P - a wand of charming (34)
 Q - a wand of paralysis (32)
 R - a wand of mindburst (64)
 S - a wand of digging (21)
 U - a wand of iceblast (29)
Scrolls
 j - 8 scrolls of fog
 n - 4 scrolls of magic mapping
 p - 6 scrolls of vulnerability
 r - 8 scrolls of fear
 B - 8 scrolls of teleportation
 K - 2 scrolls of summoning
 W - 4 scrolls of silence
 Z - 4 scrolls of holy word
Potions
 h - 3 potions of haste
 u - 3 potions of cancellation
 w - 3 potions of berserk rage
 A - 2 potions of ambrosia
 E - 4 potions of resistance
 G - 11 potions of curing
 M - 3 potions of magic
 V - 7 potions of brilliance
Miscellaneous
 c - a tin of tremorstones (2/2)
 g - a lightning rod (4/4)
 k - a box of beasts (inert)
 D - a condenser vane
 O - a phial of floods
 Y - a phantom mirror


   Skills:
 - Level 20.0 Fighting
 - Level 12.7(15.6) Axes
 - Level 13.1(15.0) Polearms
 - Level 6.5(10.8) Staves
 - Level 9.0 Throwing
 - Level 16.0 Armour
 - Level 21.0 Dodging
 + Level 8.7 Stealth
 - Level 15.0 Shields
 - Level 9.0 Spellcasting
 - Level 12.0 Summonings
 * Level 20.8 Necromancy
 - Level 12.0 Ice Magic
 - Level 12.0 Earth Magic
 - Level 18.0 Invocations
 - Level 18.0 Evocations


You had 19 spell levels left.
You knew the following spells:

 Your Spells              Type           Power      Damage    Failure   Level
b - Ozocubu's Armour      Ice            51%        N/A       1%          3
c - Borgnjor's Vile Clut  Necr/Erth      31%        N/A       1%          5
d - Haunt                 Necr/Summ      31%        N/A       6%          7
g - Agony                 Necr           71%        N/A       1%          5
k - Blink                 Tloc           N/A        N/A       10%         2
v - Vampiric Draining     Necr           35%        2d11      0%          3

Your spell library contained the following spells:

 Spells                   Type           Power      Damage    Failure   Level
 Animate Skeleton         Necr           100%       N/A       0%          1
 Pain                     Necr           100%       1d9       0%          1
 Sublimation of Blood     Necr           35%        N/A       0%          2
 Animate Dead             Necr           35%        N/A       0%          4
 Summon Small Mammal      Summ           100%       N/A       1%          1
 Corpse Rot               Necr/Air       N/A        N/A       1%          2
 Ensorcelled Hibernation  Hex/Ice        60%        N/A       1%          2
 Call Canine Familiar     Summ           51%        N/A       1%          3
 Stone Arrow              Conj/Erth      60%        3d10      1%          3
 Summon Guardian Golem    Hex/Summ       30%        N/A       1%          3
 Animate Armour           Summ/Erth      100%       N/A       1%          4
 Lee's Rapid Deconstruct  Erth           25%        3d15*     1%          5
 Simulacrum               Ice/Necr       31%        N/A       1%          6
 Leda's Liquefaction      Hex/Erth       15%        N/A       4%          4
 Petrify                  Tmut/Erth      30%        N/A       4%          4
 Summon Lightning Spire   Summ/Air       30%        N/A       4%          4
 Apportation              Tloc           16%        N/A       6%          1
 Beastly Appendage        Tmut           16%        N/A       6%          1
 Corona                   Hex            8%         N/A       6%          1
 Foxfire                  Conj/Fire      32%        2x1d5     6%          1
 Magic Dart               Conj           32%        1d4       6%          1
 Shock                    Conj/Air       32%        1d5       6%          1
 Shadow Creatures         Summ           N/A        N/A       7%          6
 Poisonous Vapours        Pois/Air       16%        N/A       10%         2
 Searing Ray              Conj           16%        3d3       10%         2
 Slow                     Hex            8%         N/A       10%         2
 Wereblood                Tmut           8%         N/A       10%         2
 Metabolic Englaciation   Hex/Ice        15%        N/A       16%         5
 Summon Forest            Summ/Tloc      15%        N/A       16%         5
 Confusing Touch          Hex            8%         N/A       19%         3
 Conjure Flame            Conj/Fire      8%         6-21      19%         3
 Dazzling Flash           Conj/Hex       16%        N/A       19%         3
 Gell's Gravitas          Tloc           4%         N/A       19%         3
 Ignite Poison            Fire/Tmut/Pois 8%         N/A       19%         3
 Inner Flame              Hex/Fire       8%         N/A       19%         3
 Lesser Beckoning         Tloc           4%         N/A       19%         3
 Mephitic Cloud           Conj/Pois/Air  8%         N/A       19%         3
 Spider Form              Tmut/Pois      4%         N/A       19%         3
 Teleport Other           Tloc           8%         N/A       19%         3
 Tukima's Dance           Hex            8%         N/A       19%         3
 Bolt of Magma            Conj/Fire/Erth 11%        4d7       34%         5
 Freezing Cloud           Conj/Ice/Air   11%        6-21      34%         5
 Ozocubu's Refrigeration  Ice            25%        4d10      38%         7
 Summon Hydra             Summ           25%        N/A       38%         7
 Cause Fear               Hex            4%         N/A       54%         4
 Fulminant Prism          Conj/Hex       4%         3d6       54%         4
 Iskenderun's Mystic Bla  Conj/Tloc      8%         2d4       54%         4
 Olgreb's Toxic Radiance  Pois           8%         N/A       54%         4
 Passage of Golubria      Tloc           N/A        N/A       54%         4
 Sticky Flame             Conj/Fire      8%         2d3       54%         4
 Statue Form              Tmut/Erth      20%        N/A       65%         6
 Death's Door             Necr           35%        N/A       80%         9
 Alistair's Intoxication  Tmut/Pois      5%         N/A       89%         5
 Irradiate                Conj/Tmut      4%         3d14      89%         5
 Lightning Bolt           Conj/Air       4%         1d15      89%         5
 Manifold Assault         Tloc           8%         N/A       89%         5
 Silence                  Hex/Air        4%         N/A       89%         5
 Yara's Violent Unravell  Hex/Tmut       4%         3d4       89%         5
 Conjure Ball Lightning   Conj/Air       4%         3x3d6     100%        6
 Dispersal                Tloc           4%         N/A       100%        6
 Eringya's Noxious Bog    Tmut/Pois      4%         N/A       100%        6
 Invisibility             Hex            4%         N/A       100%        6
 Storm Form               Tmut/Air       4%         N/A       100%        7
 Discord                  Hex            4%         N/A       100%        8
 Disjunction              Tloc           4%         N/A       100%        8
 Ignition                 Fire           4%         3d4       100%        8
 Lehudib's Crystal Spear  Conj/Erth      15%        10d5      100%        8
 Maxwell's Capacitive Co  Air            4%         ∞         100%        8
 Chain Lightning          Conj/Air       4%         3d5       100%        9
 Polar Vortex             Ice            25%        N/A       100%        9


Dungeon Overview and Level Annotations

Branches:
Dungeon (15/15)            Temple (1/1) D:4            Lair (6/6) D:8
 Shoals (4/4) Lair:3        Snake (4/4) Lair:3        Slime (5/5) Lair:6
    Orc (2/2) D:12            Elf (3/3) Orc:2        Vaults (5/5) D:13
  Crypt (2/3) Vaults:2     Depths (5/5) D:15            Zot (5/5) Depths:5
  IceCv (visited)          WizLab (visited)         Gauntlet (visited)

Altars:
Ashenzari
Cheibriados
Dithmenos
Elyvilon
Fedhas
Gozag
Hepliaklqana
Kikubaaqudgha
Makhleb
Nemelex Xobeh
Okawaru
Qazlal
Ru
Sif Muna
Trog
Uskayaw
Vehumet
Wu Jian
Xom
Yredelemnul
Zin
The Shining One
Beogh
Jiyva

Shops:
D:9 *   Orc:2 [(([(   Elf:2 =   Shoals:2 *   Shoals:3 *   Snake:1 *[
Vaults:1 ?   Vaults:4 *   Depths:2 :   Depths:3 *!:   Depths:5 (

Portals:
Hell: Depths:1 Depths:2 Depths:3 Depths:4 Depths:5
Abyss: Depths:1 Depths:2 Depths:4
Pandemonium: Depths:3
Ziggurat: Depths:4
Trove: D:15 (give horn of Geryon)

Annotations:
D:6 1 runed translucent door, cbfl8's ghost, weakling MiDe
D:9 exclusion: vampire
D:11 1 runed translucent door
Shoals:4 Roxanne
Elf:2 5 runed translucent doors
Crypt:1 Mennas
Crypt:2 Khufu
Zot:1 exclusion: orb of fire
Zot:5 exclusion: obsidian statue


Innate Abilities, Weirdness & Mutations

You are resistant to damage.
You can heal yourself by infusing magical energy.
You resist negative energy. (rN+)
You passively map a large area around you.
You do not regenerate.
You have sharp toenails.
You are partially covered in iridescent scales. (AC +2)
You tend to lose your temper in combat.
You are very clumsy. (Dex -4)
Armour fits poorly on your strangely shaped body.
You are dopey. (Int -2)
Your magical capacity is extremely low. (-30% MP)
Your system is resistant to poisons. (rPois)
You evolve.
Potions are less effective at restoring your health.
Your spells are a little easier to cast, but a little less powerful.
You sometimes lose the ability to read scrolls when taking damage.
You expend magic power (3 MP) to strengthen your wands.


Message History

(D) Dungeon (T) Temple (L) Lair (A) Shoals (P) Snake Pit (M) Slime Pits (O) Orcish Mines (E) Elven Halls (V) Vaults (C) Crypt (U) Depths (H) Hell (Z) Zot
Where to? (* - list waypoints, Enter - D:3, ? - help)
There is a stone staircase leading up here.
You fly upwards.
There is a stone staircase leading down here.
(D) Dungeon (T) Temple (L) Lair (A) Shoals (P) Snake Pit (M) Slime Pits (O) Orcish Mines (E) Elven Halls (V) Vaults (C) Crypt (U) Depths (H) Hell (Z) Zot
Where to? (* - list waypoints, Enter - D:2, ? - help)
There is a stone staircase leading up here.
You fly upwards.
There is a stone staircase leading down here.
Aiming: Dig
Press: ? - help, Shift-Dir - straight line, f - you Please select a direction to dig.
This square is covered in magical glow.
You feel a surge of power!
The rock shatters into small pieces.
You feel yourself speed up.
Aiming: Dig
Press: ? - help, Shift-Dir - straight line, f - you Please select a direction to dig.
This square is covered in magical glow.
You feel a surge of power!
The rock shatters into small pieces.
Aiming: Dig
Press: ? - help, Shift-Dir - straight line A rock wall.
This square is covered in magical glow.
You feel a surge of power!
The rock shatters into small pieces.
Aiming: Dig
Press: ? - help, Shift-Dir - straight line, f - you Please select a direction to dig.
This square is covered in magical glow.
You feel a surge of power!
The rock shatters into small pieces.
Your extra speed is starting to run out.
There is a staircase leading out of the dungeon here.
You have escaped!

##.## ##.##
##.## #..#
##.## ##.#
##.## #.##
##.#####..#####
##.#.........#
##.#+##+##'##
##.........#
#.#.....#.#
#.#.....#.#
#....@...[#
###########


There were no monsters in sight!

Vanquished Creatures
  the Royal Jelly (Slime:5)
  2 dread liches
  3 ancient liches
  5 orbs of fire (Zot:5)
  Mara (Vaults:4)
  Bai Suzhen (Vaults:4)
  Saint Roka (Crypt:2)
  4 Killer Klowns
  Margery (Vaults:4)
  Xtahua (Vaults:3)
  A curse toe (Zot:5)
  8 golden dragons
  Nikola (Shoals:3)
  A bone dragon (Depths:5)
  2 Tzitzimimeh
  6 electric golems
  Jorgrun (D:14)
  8 tentacled monstrosities
  2 quicksilver dragons
  6 liches
  21 Orb Guardians
  2 titans
  11 acid blobs
  A deep elf master archer (Elf:3)
  3 deep elf blademasters
  7 death cobs
  A sphinx (shapeshifter) (Vaults:5)
  A kraken (Shoals:4)
  6 sphinxes
  8 draconian monks
  A revenant (Crypt:2)
  9 tengu reavers
  13 shadow dragons
  5 storm dragons
  6 azure jellies
  4 fire giants
  5 iron dragons
  9 rockslimes
  A draconian knight (Zot:2)
  13 vault wardens
  7 nagarajas
  9 frost giants
  A draconian scorcher (Zot:1)
  4 deep elf sorcerers
  5 ghost moths
  2 spectral caustic shrikes (Depths:4)
  An orc warlord (Orc:2)
  Aizul (Shoals:1)
  2 curse skulls
  A spectral juggernaut (Depths:4)
  A draconian annihilator (Zot:3)
  A juggernaut zombie (Crypt:1)
  A war gargoyle (Depths:4)
  17 stone giants
  3 draconian shifters
  3 ghouls (Crypt:1)
  21 ironbound preservers
  5 spriggan defenders
  6 deep elf elementalists (Elf:3)
  4 quicksilver oozes
  42 very ugly things
  6 vampire knights
  8 deep elf annihilators
  5 green draconians
  11 red draconians
  7 deep elf demonologists
  3 spectral titans (Depths:4)
  The ghost of Zolin Bej the Blocker, a journeyman GnFi of Okawaru (Lair:3)
  3 entropy weavers
  8 yellow draconians
  11 black draconians
  13 white draconians
  A minotaur (Gauntlet)
  10 purple draconians
  4 orange crystal statues
  9 spark wasps
  11 deep elf death magi
  6 merfolk javelineers (Shoals:4)
  4 dire elephants
  Josephine (D:11)
  4 eidola
  2 spectral golden dragons (Depths:4)
  17 ettins
  3 deep elf high priests
  6 merfolk impalers
  6 fire dragons
  10 yaktaur captains
  8 jiangshi
  10 hydras
  10 naga warriors
  A hell beast (Depths:1)
  A spectral tengu (Depths:4)
  10 great orbs of eyes
  Erolcha (Orc:1)
  5 salamander tyrants
  A rakshasa (D:13)
  A spectral shadow dragon (Depths:4)
  A quicksilver dragon skeleton (Crypt:1)
  11 ice dragons
  7 ironbound thunderhulks
  A caustic shrike simulacrum (Depths:4)
  32 vault guards
  3 merfolk avatars (Shoals:4)
  4 spriggan air magi
  A catoblepas (D:11)
  6 boulder beetles
  An alligator snapping turtle (Shoals:4)
  4 centaur warriors
  16 anacondas
  4 two-headed ogres
  3 satyrs
  4 spectral sphinxes (Depths:4)
  15 ironbound frosthearts
  12 dancing weapons
  2 death knights
  5 tengu warriors
  2 deep troll shamans
  A spectral fire giant (Depths:4)
  2 hell hogs (Depths:1)
  7 death yaks
  4 merfolk aquamancers
  An orc high priest (Vaults:2)
  7 deep troll earth magi
  17 naga sharpshooters
  7 vampire magi
  6 ironbound beastmasters
  3 spriggan berserkers
  2 sun demons (Depths:1)
  4 shock serpents
  24 hell knights
  8 soul eaters
  12 deep elf knights
  A titan skeleton (Depths:1)
  6 iron trolls
  11 skeletal warriors
  A spectral spark wasp (Depths:4)
  A shadow wraith (Crypt:1)
  17 sea snakes
  86 deep trolls
  A death drake (shapeshifter) (Depths:2)
  A gelid demonspawn (Depths:3)
  3 salamander mystics
  8 glowing orange brains
  A goliath frog (shapeshifter) (Vaults:5)
  2 lindwurms
  5 flayed ghosts
  A shadow demon (Depths:3)
  18 ironbound convokers
  10 wizards
  4 naga ritualists
  A bog body (Crypt:1)
  14 deep elf archers
  2 spectral iron dragons (Depths:4)
  4 orc knights
  11 phantasmal warriors
  A mana viper (shapeshifter) (Depths:5)
  9 necromancers
  25 deep elf pyromancers
  9 harpies
  14 deep elf zephyrmancers
  2 tengu skeletons (Vaults:2)
  59 ugly things
  A wolf spider (D:11)
  4 shining eyes
  4 orc sorcerers
  16 salamanders
  15 mana vipers
  A wolf spider (shapeshifter) (Vaults:5)
  11 manticores
  8 fauns
  A manticore (shapeshifter) (Vaults:5)
  Maurice (D:11)
  12 elephants
  4 cyclopes
  18 moths of wrath
  2 stone giant skeletons (Crypt:1)
  A shadow dragon skeleton (Crypt:2)
  2 rust devils
  19 vault sentinels
  2 fire giant skeletons
  9 merfolk sirens
  3 guardian serpents (Snake:4)
  2 frost giant skeletons (Vaults:2)
  A titan simulacrum (Depths:4)
  A dire elephant zombie (Crypt:1)
  3 smoke demons
  10 cane toads
  14 naga magi
  4 spectral elves (Depths:4)
  A water nymph (shapeshifter) (Vaults:5)
  A storm dragon simulacrum (Depths:4)
  6 water nymphs
  21 black mambas
  A dire elephant skeleton (Crypt:2)
  A cane toad (shapeshifter) (D:15)
  An eye of devastation (Slime:5)
  3 unseen horrors
  5 kobold demonologists
  3 efreet (D:13)
  10 rime drakes
  7 komodo dragons
  26 yaktaurs
  A purple draconian skeleton (Crypt:1)
  A white draconian skeleton (Crypt:2)
  7 freezing wraiths
  A hellwing (Depths:3)
  4 spectral glowing shapeshifters (Depths:4)
  A green draconian skeleton (Crypt:1)
  3 tengu conjurers
  2 golden dragon simulacra (Depths:4)
  13 polar bears
  8 trolls
  29 merfolk
  2 tengu simulacra (Depths:4)
  10 wind drakes
  3 jumping spiders
  8 hornets
  2 sphinx simulacra (Depths:4)
  16 snapping turtles
  Grinder (D:3)
  21 blink frogs
  5 dream sheep
  A blink frog (shapeshifter) (D:11)
  2 raiju (Gauntlet)
  A fire dragon zombie (Depths:1)
  52 slime creatures
  A stone giant simulacrum (Crypt:2)
  3 air elementals (Elf:1)
  5 flying skulls (Crypt:1)
  7 redbacks
  2 ettin skeletons
  13 spriggans
  3 shadows
  7 wraiths
  A vampire (D:12)
  A redback (shapeshifter) (Elf:1)
  20 water elementals
  30 yaks
  Sigmund (D:6)
  A spriggan simulacrum (Depths:4)
  A tarantella (Vaults:5)
  A centaur simulacrum (D:15)
  An elf zombie (Vaults:5)
  4 golden eyes
  4 wyverns
  6 fire elementals
  4 steam dragons
  3 neqoxecs
  6 basilisks
  2 vampire mosquitoes (D:11)
  2 wargs (Orc:2)
  36 nagas
  A merfolk zombie (Crypt:2)
  7 acid dragons
  An ogre skeleton (Vaults:5)
  11 water moccasins
  A floating eye (shapeshifter) (Vaults:5)
  9 human skeletons
  A merfolk skeleton (Crypt:2)
  2 floating eyes
  49 orc warriors
  2 black bears
  3 ice beasts
  A sky beast (D:5)
  An ettin simulacrum (Crypt:1)
  6 ogres
  2 necrophages
  A snapping turtle zombie (Crypt:1)
  12 centaurs
  A dream sheep skeleton (Crypt:2)
  16 boggarts
  49 wolves
  8 kobold brigands
  5 elf simulacra (Depths:4)
  A phantom (D:7)
  A snapping turtle skeleton (Crypt:2)
  18 bullfrogs
  A gnoll sergeant (D:7)
  2 yaktaur skeletons (Crypt:1)
  2 earth elementals (Elf:1)
  A wyvern skeleton (D:7)
  2 tengu zombies
  7 killer bees
  2 howler monkeys
  14 wights
  4 centaur zombies
  2 electric eels
  3 centaur skeletons
  2 bullfrog skeletons (D:5)
  3 human zombies
  46 orc priests
  4 hounds
  An iguana (D:4)
  8 hell rats (Lair:3)
  31 orc wizards
  A lightning spire (Gauntlet)
  A killer bee zombie (D:7)
  6 mummies (Crypt:1)
  2 howler monkey zombies
  A howler monkey skeleton (D:4)
  4 gnolls (D:7)
  9 adders
  13 river rats (Lair:3)
  2 shadow imps
  A white imp (D:7)
  2 worms
  3 dart slugs
  121 orcs
  4 endoplasms
  3 giant cockroaches
  8 goblins
  5 hobgoblins
  15 kobolds
  7 quokkas
  3 training dummies (Orc:2)
  6 ball pythons
  5 bats
  4 frilled lizards
  11 rats
  A tentacle (Shoals:4)
2301 creatures vanquished.

Vanquished Creatures (collateral kills)
  An orb of fire (Zot:5)
  Sojobo (Depths:3)
  A Killer Klown (Zot:5)
  Jory (Vaults:2)
  A Tzitzimitl (Depths:2)
  3 tentacled monstrosities
  5 Orb Guardians (Zot:5)
  A deep elf master archer (Elf:3)
  Donald (Vaults:2)
  2 rockslimes (Slime:5)
  A draconian knight (Zot:5)
  A deep elf elementalist (Elf:3)
  A quicksilver ooze (Slime:5)
  An ironbound preserver (Vaults:1)
  A draconian shifter (Zot:3)
  A very ugly thing (Depths:1)
  A stone giant (Depths:1)
  A dire elephant (Vaults:1)
  2 deep elf annihilators (Elf:3)
  2 deep elf demonologists (Elf:3)
  2 white draconians (Zot:5)
  3 merfolk javelineers (Shoals:4)
  A spectral golden dragon (Depths:4)
  3 ettins (Depths:3)
  2 merfolk impalers (Shoals:4)
  A yaktaur captain (Vaults:4)
  2 great orbs of eyes
  A salamander tyrant (Snake:2)
  2 naga warriors
  A hydra (Lair:6)
  An ironbound thunderhulk (Vaults:3)
  An anaconda (Snake:4)
  An ironbound frostheart (Vaults:3)
  2 death yaks (Lair:5)
  An alligator (Shoals:4)
  A tengu warrior (Depths:1)
  A soul eater (Depths:1)
  4 hell knights
  A sea snake (Shoals:2)
  7 deep trolls
  2 deep elf archers (Elf:3)
  A wizard (Vaults:1)
  3 deep elf zephyrmancers (Elf:3)
  A deep elf pyromancer (Elf:1)
  A necromancer (D:13)
  An ironbound convoker (Vaults:4)
  A shining eye (Slime:5)
  2 ugly things
  A salamander (Snake:2)
  A cyclops (Shoals:3)
  A manticore (Shoals:3)
  4 elephants (Lair:6)
  A fire giant skeleton (Depths:1)
  A merfolk siren (Shoals:4)
  2 guardian serpents
  2 black mambas (Snake:2)
  A water nymph (Shoals:2)
  A vault sentinel (Vaults:4)
  A gargoyle (D:13)
  3 yaktaurs
  A rime drake (Lair:6)
  4 merfolk
  2 snapping turtles
  4 blink frogs
  A slime creature (Vaults:4)
  2 spriggans (Lair:6)
  A wraith (D:11)
  3 water elementals
  A fire elemental (Elf:2)
  A basilisk (Lair:1)
  5 nagas
  3 water moccasins
  A black bear (Lair:6)
  An orc warrior (Orc:2)
  8 wolves
  2 centaurs
  An orc priest (Orc:2)
  A hell rat (Lair:3)
  6 orcs
  2 quokkas (Lair:3)
  3 rats (Lair:3)
151 creatures vanquished.

Vanquished Creatures (others)
  2 draconian monks (Zot:5)
  2 rockslimes (Slime:5)
  A draconian scorcher (Zot:2)
  A fire giant (Depths:5)
  2 draconian knights (Zot:3)
  A draconian shifter (Zot:5)
  A very ugly thing (Depths:5)
  A green draconian (Zot:5)
  A yellow draconian (Zot:5)
  An ettin (Depths:3)
  A dancing weapon (Elf:3)
  3 deep elf knights (Elf:1)
  A death drake (Depths:4)
  A naga ritualist (Snake:4)
  3 deep elf pyromancers
  A wind drake (Shoals:4)
  A yaktaur (Vaults:4)
  2 polar bears (IceCv)
  A naga (Snake:3)
  2 bushes
  84 fungi
  242 plants
  11 tentacles (Shoals:4)
  A withered plant (Gauntlet)
367 creatures vanquished.

Grand Total: 2819 creatures vanquished

Notes
Turn   | Place    | Note
-------+----------+-------------------------------------------
     0 | D:1      | grimtooth the Deep Dwarf Necromancer began the quest for
                  | the Orb.
     0 | D:1      | Reached XP level 1. HP: 15/15 MP: 3/3
   494 | D:1      | Reached XP level 2. HP: 22/22 MP: 1/4
  1415 | D:2      | Reached XP level 3. HP: 28/28 MP: 5/5
  1934 | D:3      | Found a white marble altar of Elyvilon.
  2003 | D:3      | Learned a level 3 spell: Vampiric Draining
  2020 | D:3      | Found a basalt altar of Yredelemnul.
  2583 | D:3      | Reached skill level 5 in Necromancy
  2662 | D:3      | Noticed Grinder
  2684 | D:3      | - did i just lag-type my way into an accidental teleport
  2684 | D:3      | - much better luck this attempt than last
  2718 | D:4      | Reached skill level 5 in Stealth
  2718 | D:4      | Reached XP level 4. HP: 15/36 MP: 1/6
  3134 | D:4      | Reached XP level 5. HP: 22/42 MP: 0/7
  3306 | D:4      | Found a staircase to the Ecumenical Temple.
  3326 | Temple   | Entered the Ecumenical Temple
  3377 | Temple   | Became a worshipper of Makhleb the Destroyer
  4143 | D:4      | Learned a level 1 spell: Animate Skeleton
  4187 | D:4      | Noticed an ogre
  4205 | D:4      | Killed an ogre
  4206 | D:4      | Reached XP level 6. HP: 49/49 MP: 0/10
  4383 | D:4      | Reached * piety under Makhleb
  4613 | D:5      | Entered Level 5 of the Dungeon
  4638 | D:5      | Found a shadowy altar of Dithmenos.
  4645 | D:5      | Identified the +7 hand axe "Guneo" {flame, MP+9 Int+4}
  5112 | D:5      | Noticed a sky beast
  5130 | D:5      | Reached XP level 7. HP: 53/55 MP: 11/11
  5144 | D:5      | Reached skill level 3 in Dodging
  5352 | D:5      | Found an iron altar of Okawaru.
  5591 | D:5      | Reached skill level 4 in Dodging
  5863 | D:6      | Noticed a steam dragon
  6211 | D:6      | Reached skill level 5 in Dodging
  6269 | D:6      | Noticed a steam dragon
  6345 | D:6      | Noticed Sigmund
  6466 | D:6      | Killed a steam dragon
  6467 | D:6      | Reached XP level 8. HP: 54/62 MP: 12/12
  6658 | D:6      | Killed Sigmund
  6659 | D:6      | Reached skill level 6 in Dodging
  6746 | D:6      | Reached ** piety under Makhleb
  7037 | D:6      | Found a glowing silver altar of Zin.
  7287 | D:6      | Reached skill level 10 in Necromancy
  7407 | D:7      | Reached skill level 1 in Fighting
  7601 | D:7      | Gained mutation: You passively map the area around you.
                  | [Deep Dwarf growth]
  7601 | D:7      | Reached XP level 9. HP: 71/73 MP: 7/14
  8657 | D:8      | Reached skill level 1 in Invocations
  9519 | D:8      | Noticed a komodo dragon
  9529 | D:8      | Killed a komodo dragon
  9530 | D:8      | Reached skill level 5 in Fighting
  9650 | D:8      | Reached skill level 5 in Invocations
 10143 | D:8      | Reached XP level 10. HP: 82/88 MP: 12/16
 10490 | D:8      | Learned a level 4 spell: Animate Dead
 10496 | D:8      | Learned a level 5 spell: Agony
 11155 | D:8      | Found a staircase to the Lair.
 11348 | D:3      | Killed Grinder
 11613 | D:6      | Reached *** piety under Makhleb
 11662 | D:6      | Found a runed translucent door.
 11663 | D:6      | Noticed cbfl8's ghost (weakling MiDe)
 12070 | D:9      | Reached skill level 1 in Axes
 12337 | D:9      | Found Wiaggugg's Overcharged Wands.
 12681 | D:10     | Entered Level 10 of the Dungeon
 12900 | D:10     | Found an ornate altar of the Wu Jian Council.
 13881 | D:10     | Found a radiant altar of Vehumet.
 13881 | D:10     | Found a sacrificial altar of Ru.
 14001 | D:11     | Noticed Sonja
 14003 | D:11     | Noticed Sonja
 14003 | D:11     | Sonja changed into Sonja the spriggan
 14009 | D:11     | Killed Sonja the spriggan
 14313 | D:11     | Reached skill level 5 in Axes
 14565 | D:11     | Reached XP level 11. HP: 25/97 MP: 1/17
 14748 | D:11     | Found a radiant altar of Vehumet.
 14896 | D:12     | Noticed a boulder beetle
 15316 | D:12     | Noticed a green ugly thing
 15450 | D:11     | Noticed Josephine
 15499 | D:11     | Noticed a cyan ugly thing
 16028 | D:12     | Found a staircase to the Orcish Mines.
 16157 | Lair:1   | Entered Level 1 of the Lair of Beasts
 17018 | Lair:1   | Reached skill level 1 in Evocations
 17505 | Lair:2   | Noticed a six-headed hydra
 17605 | Lair:2   | Reached **** piety under Makhleb
 17774 | Lair:2   | - not ready for hydras
 17940 | Lair:2   | Reached skill level 10 in Invocations
 18156 | Lair:2   | Reached skill level 5 in Evocations
 18335 | Lair:3   | Found a gate leading to a gauntlet.
 18428 | Gauntlet | Entered a Gauntlet
 18428 | Gauntlet | Found a transporter.
 18430 | Gauntlet | Noticed a necromancer
 18435 | Gauntlet | Found a transporter.
 18438 | Gauntlet | Found a transporter.
 18439 | Gauntlet | Found a transporter.
 18444 | Gauntlet | Noticed a shining eye
 18447 | Gauntlet | Found a transporter.
 18450 | Gauntlet | Found a transporter.
 18452 | Gauntlet | Found a transporter.
 18455 | Gauntlet | Found a runed translucent door.
 18455 | Gauntlet | Found a runed translucent door.
 18459 | Gauntlet | Found a transporter.
 18462 | Gauntlet | Found a transporter.
 18463 | Gauntlet | Found a transporter.
 18465 | Gauntlet | Noticed a necromancer
 18471 | Gauntlet | Found a transporter.
 18474 | Gauntlet | Found a transporter.
 18475 | Gauntlet | Found a transporter.
 18478 | Gauntlet | Noticed a death scarab
 18479 | Gauntlet | Noticed a death scarab
 18483 | Gauntlet | Found a transporter.
 18572 | Gauntlet | Killed a necromancer
 18628 | Gauntlet | Paralysed by a floating eye for 2 turns
 18654 | Gauntlet | Killed a necromancer
 18655 | Gauntlet | Reached XP level 12. HP: 83/105 MP: 17/19
 18814 | Gauntlet | Identified the +2 hat of the Mind {rElec rN+ Will+ Str+4}
 18887 | Gauntlet | Identified the ring of Xom's Envy {EV+4 Str+3 Dex+4}
 18887 | Gauntlet | Noticed a minotaur
 18909 | Gauntlet | Killed a minotaur
 19044 | Lair:3   | Found a runed translucent gate.
 19044 | Lair:3   | Found a runed translucent gate.
 19044 | Lair:3   | Found a runed translucent gate.
 19044 | Lair:3   | Noticed a six-headed hydra
 19273 | Lair:3   | Found a staircase to the Shoals.
 19299 | Lair:3   | Identified the ring "Navveon" {rF+ Will+ Int+6}
 19301 | Lair:3   | - not bad at all
 19304 | Lair:3   | Noticed Zolin Bej's ghost (journeyman GnFi)
 19451 | Lair:3   | Reached ***** piety under Makhleb
 19654 | Lair:3   | Noticed a four-headed hydra
 19962 | Lair:3   | Found a staircase to the Snake Pit.
 20119 | Lair:3   | Killed a two-headed hydra
 20122 | Lair:3   | Reached skill level 10 in Axes
 20240 | Lair:3   | Killed a five-headed hydra
 21044 | Lair:4   | Noticed a four-headed hydra
 21062 | Lair:4   | Killed a three-headed hydra
 21223 | Lair:4   | Noticed Nessos
 21318 | Lair:4   | Reached XP level 13. HP: 121/121 MP: 21/21
 21765 | Lair:5   | Identified the +5 hunting sling "Ultimatum" {venom, Drain
                  | rPois MP+9 Str-5}
 22825 | Lair:6   | Entered Level 6 of the Lair of Beasts
 22949 | Lair:6   | Paralysed by a hornet for 2 turns
 23237 | Lair:6   | Reached skill level 10 in Fighting
 23243 | Lair:6   | Reached ****** piety under Makhleb
 23251 | Lair:6   | Reached skill level 5 in Spellcasting
 23332 | Lair:6   | Found a staircase to the Slime Pits.
 23751 | Lair:6   | Gained mutation: You resist negative energy. (rN+) [Deep
                  | Dwarf growth]
 23751 | Lair:6   | Reached XP level 14. HP: 135/135 MP: 22/22
 24101 | Lair:6   | Reached skill level 1 in Shields
 24655 | Lair:4   | Noticed Nessos
 24655 | Lair:4   | Nessos changed into Nessos the acid dragon
 24662 | Lair:4   | Killed Nessos the acid dragon
 26310 | D:11     | Killed Josephine
 26369 | D:11     | Reached skill level 7 in Dodging
 26547 | D:11     | Found a runed translucent door.
 26813 | D:11     | Noticed Maurice
 26838 | D:11     | Killed Maurice
 26953 | D:11     | Reached skill level 8 in Dodging
 26953 | D:11     | Reached skill level 5 in Shields
 26973 | D:11     | Identified the +5 scale mail of Ejucud {Str+6 Slay+2}
 27211 | D:11     | Identified the +2 helmet of the Jackalope {Str+2}
 27522 | Orc:1    | Entered Level 1 of the Orcish Mines
 27613 | Orc:1    | Noticed Erolcha
 27707 | Orc:1    | Killed Erolcha
 27708 | Orc:1    | Reached skill level 1 in Armour
 27708 | Orc:1    | Reached skill level 9 in Dodging
 28212 | Orc:2    | Entered Level 2 of the Orcish Mines
 28580 | Orc:2    | Found Koocugu's Firing Range.
 28646 | Orc:2    | Noticed an orc warlord
 28658 | Orc:2    | Killed an orc warlord
 28659 | Orc:2    | Reached skill level 5 in Armour
 28673 | Orc:2    | Found Kaomp's Antique Weapon Shoppe.
 28712 | Orc:2    | Found Reppual's Antique Armour Emporium.
 29305 | Orc:2    | Found a staircase to the Elven Halls.
 29452 | Orc:2    | Found Hausisiph's Antique Weapon Boutique.
 29585 | Orc:2    | Found Zughas's Antique Armour Emporium.
 29854 | Orc:2    | Bought a blackened leather armour for 245 gold pieces
 29854 | Orc:2    | Identified the +2 leather armour of the Sparrow {+Inv rPois
                  | SInv Stlth-} (You bought it in a shop on level 2 of the
                  | Orcish Mines)
 29923 | Orc:2    | Bought a polished cloak for 342 gold pieces
 29923 | Orc:2    | Identified the +2 cloak of Tasolasa {rN+ rCorr Int-2} (You
                  | bought it in a shop on level 2 of the Orcish Mines)
 30655 | D:13     | Identified the +4 dagger of Circularity {elec, rC+ rN++
                  | Str+4 Dex-2}
 30710 | D:13     | Reached XP level 15. HP: 104/144 MP: 9/23
 30819 | D:13     | Found a gate to the Vaults.
 30845 | D:13     | Reached skill level 10 in Evocations
 32075 | D:14     | Noticed Jorgrun
 32234 | Snake:1  | Entered Level 1 of the Snake Pit
 32430 | Snake:1  | Found Jaosomn's General Store.
 32433 | Snake:1  | Found Yhese's Armour Boutique.
 32484 | Snake:1  | Bought a potion of might for 56 gold pieces
 33875 | Snake:2  | Reached skill level 15 in Invocations
 36272 | Snake:3  | Reached XP level 16. HP: 151/156 MP: 26/26
 37381 | Snake:4  | Entered Level 4 of the Snake Pit
 39795 | Snake:4  | Reached skill level 15 in Fighting
 41298 | Snake:4  | Reached XP level 17. HP: 106/170 MP: 19/27
 41634 | Snake:4  | HP: 2/170 [nagaraja/poison arrow (38)]
 41662 | Snake:4  | - they go down smooth til this one just kicks my ass
 41840 | Snake:4  | Got the Incunabulum of the Valley
 41851 | Snake:4  | Got a serpentine rune of Zot
 42058 | Snake:1  | Bought a +1 cloak of preservation for 198 gold pieces
 42058 | Snake:1  | Bought a +1 pair of boots of flying for 198 gold pieces
 42523 | Shoals:1 | Entered Level 1 of the Shoals
 42656 | Shoals:1 | Noticed Aizul
 42997 | Shoals:2 | Found Fekuguc's Mayhem Merchandise.
 44493 | Shoals:3 | Reached skill level 15 in Evocations
 44535 | Shoals:3 | Noticed Nikola
 44543 | Shoals:3 | - ouch
 44543 | Shoals:3 | HP: 1/170 [Nikola/arc of chain lightning (48)]
 44544 | Shoals:3 | - wow
 44555 | Shoals:3 | Killed Nikola
 45326 | Shoals:3 | Noticed a titan
 45355 | Shoals:3 | Killed a titan
 45487 | Shoals:3 | Found Rosecex's General Store.
 45623 | Snake:1  | Bought a potion of curing for 42 gold pieces
 45623 | Snake:1  | Bought a potion of heal wounds for 70 gold pieces
 45965 | Shoals:4 | Entered Level 4 of the Shoals
 46371 | Shoals:4 | Noticed a kraken
 46440 | Shoals:4 | Reached skill level 10 in Dodging
 46569 | Shoals:4 | Got a barnacled rune of Zot
 47041 | Shoals:4 | Got the Volume of Lightness
 47259 | Shoals:4 | Gained mutation: You passively map a large area around you.
                  | [Deep Dwarf growth]
 47259 | Shoals:4 | Reached XP level 18. HP: 138/178 MP: 28/29
 47545 | Shoals:4 | Reached skill level 11 in Dodging
 48072 | Shoals:4 | Identified Roxanne's Tome of Earth
 48072 | Shoals:4 | Noticed Roxanne
 48637 | Shoals:3 | Bought a potion of might for 52 gold pieces
 49163 | D:14     | Killed Jorgrun
 49788 | D:14     | Reached skill level 12 in Dodging
 49922 | D:15     | Entered Level 15 of the Dungeon
 50268 | D:15     | Found a sacrificial altar of Ru.
 50749 | D:15     | Found a staircase to the Depths.
 50854 | D:15     | Found a portal to a secret trove of treasure.
 51017 | Vaults:1 | Entered Level 1 of the Vaults
 51060 | Vaults:1 | Reached skill level 1 in Polearms
 51164 | Vaults:1 | Reached skill level 15 in Necromancy
 51635 | Vaults:1 | Reached skill level 5 in Polearms
 52246 | Vaults:1 | Found Waefotun's Magic Scroll Shop.
 52338 | Vaults:1 | Bought a scroll of blinking for 127 gold pieces
 52338 | Vaults:1 | Bought a scroll of fear for 59 gold pieces
 52338 | Vaults:1 | Bought a scroll of blinking for 127 gold pieces
 52946 | Vaults:1 | Reached XP level 19. HP: 170/186 MP: 28/28
 54892 | Vaults:2 | Noticed Donald
 55181 | Vaults:2 | Reached skill level 10 in Polearms
 55846 | Vaults:2 | Noticed Jory
 55876 | Vaults:2 | Killed Jory
 56280 | Vaults:2 | Found a staircase to the Crypt.
 56409 | Vaults:2 | Killed Donald
 57908 | Vaults:3 | Noticed Xtahua
 58174 | Vaults:3 | Killed Xtahua
 58798 | Vaults:3 | Reached XP level 20. HP: 116/196 MP: 3/29
 59273 | Vaults:4 | Noticed Bai Suzhen
 59290 | Vaults:4 | Killed Bai Suzhen
 59463 | Vaults:3 | You are sucked into a shaft and drop 1 floor!
 59754 | Vaults:4 | Reached skill level 10 in Shields
 59994 | Vaults:4 | Noticed Margery
 60020 | Vaults:4 | Killed Margery
 61203 | Vaults:4 | Noticed Mara
 61203 | Vaults:4 | Noticed Mara
 61203 | Vaults:4 | - hmmm
 61217 | Vaults:4 | Noticed grimtooth's illusion
 61261 | Vaults:4 | Found Saclecun's Assorted Antiques.
 61342 | Vaults:4 | Identified the +11 great sword of the Lair of Beasts
                  | {vorpal, *Corrode Int+6}
 61544 | Vaults:4 | Killed Mara
 62183 | D:13     | Learned a level 3 spell: Ozocubu's Armour
 62190 | D:13     | Learned a level 6 spell: Simulacrum
 62342 | Orc:2    | Bought a glowing broad axe for 217 gold pieces
 62419 | Orc:2    | Bought a translucent arbalest for 266 gold pieces
 62419 | Orc:2    | Identified the +6 arbalest of the Smoking Madman {flame,
                  | rC+} (You bought it in a shop on level 2 of the Orcish
                  | Mines)
 62686 | Depths:1 | Entered Level 1 of the Depths
 62714 | Depths:1 | Reached skill level 1 in Ice Magic
 62736 | Depths:1 | Reached skill level 1 in Throwing
 63372 | Depths:1 | Reached skill level 5 in Ice Magic
 63372 | Depths:1 | Reached XP level 21. HP: 205/205 MP: 28/30
 63734 | Depths:1 | Found a one-way gate to the infinite horrors of the Abyss.
 63751 | Depths:1 | Found a hide-covered altar of Uskayaw.
 63978 | Depths:1 | Found a gateway to Hell.
 64101 | Depths:1 | - this is a wacky latout
 64449 | Depths:2 | Found Rime's Book Emporium.
 64579 | Depths:2 | Reached skill level 5 in Throwing
 65557 | Depths:2 | Found a stormy altar of Qazlal.
 66077 | Depths:2 | Identified the +2 leather armour of Nonkalez {rC++ Stlth+}
 66475 | Depths:3 | Found a blossoming altar of Fedhas.
 66708 | Depths:3 | Identified the ring "Ogaafekh" {rF- rN+++ Will+ Int+6
                  | Dex+3}
 66823 | Depths:3 | Got Ahuhideb's Guide on Venomous Ignition
 66993 | Depths:1 | Identified the +0 quarterstaff of Gebon {flame, rF++ Int+3}
 67268 | Depths:3 | Found Ugaceth's Book Emporium.
 67402 | Depths:3 | Found Xaosyx's Assorted Antiques.
 67404 | Depths:3 | Found Tailuh's Distillery.
 67413 | Depths:3 | Bought a potion of ambrosia for 104 gold pieces
 67443 | Depths:3 | Noticed Sojobo
 67841 | Depths:3 | Bought Nagger's Grimoire of Cloudy Unholy Rituals for 456
                  | gold pieces
 67987 | D:13     | Learned a level 5 spell: Borgnjor's Vile Clutch
 67995 | D:13     | Learned a level 7 spell: Haunt
 68117 | Crypt:1  | Entered Level 1 of the Crypt
 68265 | Crypt:1  | Noticed Mennas
 68266 | Crypt:1  | - oh criminy
 68300 | Crypt:1  | Reached skill level 10 in Ice Magic
 68333 | Crypt:1  | Reached skill level 1 in Earth Magic
 68720 | Crypt:2  | Reached XP level 22. HP: 134/213 MP: 31/31
 68901 | Crypt:2  | Found a magical portal.
 68908 | WizLab   | Entered Wucad Mu's Monastery
 69031 | WizLab   | - wow i cannot heal here
 69098 | WizLab   | Found the +9 staff of Wucad Mu {*channel}
 69309 | WizLab   | Reached XP level 23. HP: 58/218 MP: 32/32
 69435 | WizLab   | - well that was disappointing
 70239 | Crypt:2  | Reached skill level 5 in Earth Magic
 70357 | Crypt:2  | Noticed Khufu
 70357 | Crypt:2  | Noticed a royal mummy
 70419 | Crypt:2  | Noticed Saint Roka
 70460 | Crypt:2  | Killed Saint Roka
 70945 | Elf:1    | Entered Level 1 of the Elven Halls
 71457 | Elf:1    | Paralysed by an air elemental for 1 turns
 71601 | Elf:1    | Paralysed by an air elemental for 1 turns
 72145 | Elf:1    | Reached skill level 15 in Shields
 72454 | Elf:2    | Found a frozen archway.
 72455 | Elf:2    | - really should have taken the stairs
 72501 | Elf:2    | Reached skill level 10 in Earth Magic
 72519 | Elf:2    | Reached skill level 5 in Summonings
 72566 | IceCv    | Entered an ice cave
 73681 | Elf:2    | Found Said's Jewellery Shop.
 73793 | Elf:2    | Found a huge runed translucent gate.
 73793 | Elf:2    | Found a huge runed translucent gate.
 73809 | Elf:2    | Found a huge runed translucent gate.
 73811 | Elf:2    | Found a huge runed translucent gate.
 73811 | Elf:2    | Found a huge runed translucent gate.
 74218 | Elf:3    | Entered Level 3 of the Elven Halls
 74680 | Elf:3    | Found a radiant altar of Vehumet.
 75537 | Elf:3    | Identified the ring "Tunetiad" {Will+ rCorr Int+2}
 75561 | Elf:3    | Identified the +6 quarterstaff of Collusion {flame, Int+3
                  | Dex+5}
 75562 | Elf:3    | Identified the ring "Owust" {+Blink rElec rN++ Will+ Str-3}
 75574 | Elf:3    | - i thought repel did not work on bolts
 75575 | Elf:3    | Reached XP level 24. HP: 196/229 MP: 13/29
 75587 | Elf:3    | Reached skill level 10 in Summonings
 75635 | Elf:3    | Identified the +9 halberd of Qyjuh {protect, Stlth+}
 75637 | Elf:3    | Identified the ring "Jifitenn" {rN+ Int+8}
 75826 | Elf:3    | Identified the +9 longbow "Osiod" {freeze, Fragile Fly
                  | Int+9 Stlth-}
 75992 | Elf:3    | Found the +6 shillelagh "Devastator" {shatter}
 76022 | Elf:3    | Got The Testament of the Deep Elf Lorekeeper
 77567 | Vaults:1 | Bought a scroll of teleportation for 51 gold pieces
 77567 | Vaults:1 | Bought a scroll of enchant armour for 127 gold pieces
 77567 | Vaults:1 | Bought a scroll of teleportation for 51 gold pieces
 77567 | Vaults:1 | Bought a scroll of teleportation for 51 gold pieces
 78007 | Slime:1  | Entered Level 1 of the Pits of Slime
 78131 | Slime:2  | Reached skill level 1 in Staves
 78478 | Slime:5  | Entered Level 5 of the Pits of Slime
 78580 | Slime:5  | Found a viscous altar of Jiyva.
 78580 | Slime:5  | Noticed the Royal Jelly
 78593 | Slime:5  | Killed the Royal Jelly
 78628 | Slime:5  | Gained mutation: Your magical capacity is low. (-10% MP) [a
                  | shining eye]
 78630 | Slime:5  | - dangit
 78650 | Slime:5  | Reached skill level 5 in Staves
 78676 | Slime:5  | Identified the +0 helmet "Geyfuw" {rC+}
 78679 | Slime:5  | Identified the +5 fustibalus of Fear {venom, Int+2}
 78711 | Slime:5  | Identified the +3 flail "Igadian" {antimagic, rC+}
 78716 | Slime:5  | Got the Guide on Hexes and Weightlessness
 78779 | Slime:5  | Identified the +5 broad axe of the Exiled Ears {pain,
                  | +Blink rF++ Dex-3}
 78807 | Slime:5  | Identified the +12 halberd "Launoy Teiq" {drain, Dex+4}
 78826 | Slime:5  | Got a slimy rune of Zot
 78947 | Lair:3   | - hey exp!
 78983 | Lair:3   | Killed Zolin Bej's ghost
 79047 | Lair:3   | Reached skill level 13 in Dodging
 79047 | Lair:3   | Reached XP level 25. HP: 223/236 MP: 25/25
 79346 | Shoals:3 | Bought a potion of brilliance for 52 gold pieces
 79394 | Shoals:1 | Killed Aizul
 79669 | D:13     | Learned a level 2 spell: Blink
 79842 | Depths:3 | Bought a potion of haste for 130 gold pieces
 79842 | Depths:3 | Bought a potion of might for 52 gold pieces
 79842 | Depths:3 | Bought a potion of curing for 39 gold pieces
 79848 | Depths:3 | Bought 2 potions of curing for 156 gold pieces
 79848 | Depths:3 | Bought a scroll of teleportation for 78 gold pieces
 79917 | Depths:3 | Found a one-way gate leading to the halls of Pandemonium.
 80252 | Depths:3 | Reached skill level 14 in Dodging
 81230 | Depths:4 | Reached skill level 15 in Dodging
 81230 | Depths:4 | Reached XP level 26. HP: 246/246 MP: 25/25
 82107 | Depths:4 | Reached XP level 27. HP: 217/253 MP: 25/25
 82355 | Depths:4 | Identified the +5 falchion of Kyromp {vorpal, rElec Str+3
                  | Int+2 Dex+3}
 83229 | Depths:4 | Found a gateway to a ziggurat.
 83526 | Depths:5 | Entered Level 5 of the Depths
 83925 | Depths:5 | Found Qiklioch's Weapon Shop.
 84719 | Depths:5 | Found a gate to the Realm of Zot.
 85314 | Vaults:5 | Entered Level 5 of the Vaults
 85314 | Vaults:5 | Noticed an ancient lich
 85315 | Vaults:5 | Noticed a dread lich
 85701 | Vaults:5 | Identified the amulet "Quosao" {Reflect Str+4 SH+5}
 86604 | Vaults:5 | Identified the amulet "Lunoy" {rN+++ Regen+}
 86843 | Vaults:5 | Identified the +6 scale mail of Winter {rElec Str+7 Dex+2
                  | Stlth-}
 86856 | Vaults:5 | Identified the +3 plate armour of Evolution {rElec rF-
                  | Will+}
 86874 | Vaults:5 | Noticed an ancient lich
 86920 | Vaults:5 | Killed an ancient lich
 87181 | Vaults:5 | Reached skill level 16 in Dodging
 87201 | Vaults:5 | Killed an ancient lich
 87239 | Vaults:5 | - wait TWO invisibles
 87313 | Vaults:5 | Identified the ring "Emehinui" {Drain rElec rF+ rCorr
                  | Slay+5}
 87491 | Vaults:5 | Killed a dread lich
 87545 | Vaults:5 | Got a silver rune of Zot
 88002 | Vaults:5 | Identified the +2 robe of Rishystro {Str+5}
 88463 | Snake:1  | Bought a +0 cloak of poison resistance for 102 gold pieces
 88467 | Snake:1  | Bought a scroll of silence for 105 gold pieces
 88620 | D:9      | Bought a wand of charming (25) for 459 gold pieces
 88620 | D:9      | Bought a wand of iceblast (25) for 493 gold pieces
 88796 | Shoals:3 | Bought 8 silver boomerangs for 156 gold pieces
 89059 | Orc:2    | Bought 2 silver boomerangs for 51 gold pieces
 89356 | Vaults:4 | Bought a scroll of magic mapping for 108 gold pieces
 89356 | Vaults:4 | Bought 2 potions of curing for 186 gold pieces
 89356 | Vaults:4 | Bought a wand of mindburst (14) for 124 gold pieces
 89623 | Depths:2 | Bought a manual of Dodging for 1120 gold pieces
 90377 | Depths:3 | Paralysed by an air elemental for 1 turns
 90384 | Depths:3 | Paralysed by an air elemental for 1 turns
 90393 | Depths:3 | Paralysed by an air elemental for 1 turns
 90401 | Depths:3 | Paralysed by an air elemental for 1 turns
 90410 | Depths:3 | Killed Sojobo
 90744 | Zot:1    | Entered Level 1 of the Realm of Zot
 90760 | Zot:1    | Reached skill level 10 in Armour
 91090 | Zot:1    | Noticed an orb of fire
 91710 | Zot:2    | Reached skill level 17 in Dodging
 92299 | Zot:3    | Reached skill level 18 in Dodging
 92831 | Zot:5    | Entered Level 5 of the Realm of Zot
 93179 | Zot:5    | Noticed an ancient lich
 93294 | Zot:5    | Noticed an orb of fire
 93301 | Zot:5    | Gained mutation: You are clumsy. (Dex -2) [an orb of fire]
 93306 | Zot:5    | Gained mutation: Your magical capacity is very low. (-20%
                  | MP) [an orb of fire]
 93328 | Zot:5    | Gained mutation: You sometimes lose the ability to read
                  | scrolls when taking damage. [an orb of fire]
 93333 | Zot:5    | Killed an orb of fire
 93338 | Zot:5    | Noticed an orb of fire
 93344 | Zot:5    | Gained mutation: Armour fits poorly on your strangely
                  | shaped body. [an orb of fire]
 93356 | Zot:5    | Gained mutation: You have sharp toenails. [an orb of fire]
 93362 | Zot:5    | Killed an orb of fire
 93884 | D:13     | Lost mutation: You sometimes lose the ability to read
                  | scrolls when taking damage. [potion of mutation]
 93884 | D:13     | Lost mutation: Armour fits poorly on your strangely shaped
                  | body. [potion of mutation]
 93884 | D:13     | Gained mutation: Your system is resistant to poisons.
                  | (rPois) [potion of mutation]
 93884 | D:13     | Gained mutation: You expend magic power (3 MP) to
                  | strengthen your wands. [potion of mutation]
 94163 | Zot:5    | Killed an ancient lich
 94164 | Zot:5    | Reached skill level 19 in Dodging
 94329 | Zot:5    | Noticed an orb of fire
 94354 | Zot:5    | Gained mutation: Armour fits poorly on your strangely
                  | shaped body. [an orb of fire]
 94358 | Zot:5    | Killed an orb of fire
 94374 | Zot:5    | Noticed a dread lich
 94385 | Zot:5    | Killed a dread lich
 94669 | Zot:5    | Reached skill level 15 in Armour
 94707 | Zot:5    | Reached skill level 20 in Dodging
 94758 | Zot:5    | Noticed an orb of fire
 94798 | Zot:5    | Noticed an orb of fire
 94822 | Zot:5    | Noticed an orb of fire
 95028 | Zot:5    | Gained mutation: Your spells are a little easier to cast,
                  | but a little less powerful. [an orb of fire]
 95036 | Zot:5    | Gained mutation: You are dopey. (Int -2) [an orb of fire]
 95042 | Zot:5    | Gained mutation: You are weak. (Str -2) [an orb of fire]
 95045 | Zot:5    | Gained mutation: Your spells are easier to cast, but less
                  | powerful. [an orb of fire]
 95046 | Zot:5    | Gained mutation: You have a pair of small antennae on your
                  | head. [an orb of fire]
 95047 | Zot:5    | Killed an orb of fire
 95054 | Zot:5    | Gained mutation: Your body sometimes deteriorates upon
                  | taking damage. [an orb of fire]
 95070 | Zot:5    | Killed an orb of fire
 95140 | Zot:5    | Reached skill level 21 in Dodging
 95194 | Zot:5    | Gained mutation: Your magical capacity is extremely low.
                  | (-30% MP) [an orb of fire]
 95199 | Zot:5    | Gained mutation: Potions are less effective at restoring
                  | your health. [an orb of fire]
 95210 | Zot:5    | Killed an orb of fire
 95249 | Zot:5    | Identified the +0 scale mail of Trumpets {Rampage rN+ Int+6
                  | SInv}
 95290 | Zot:5    | Noticed an orb of fire
 95296 | Zot:5    | Gained mutation: You are very dopey. (Int -4) [an orb of
                  | fire]
 95299 | Zot:5    | Gained mutation: You are very weak. (Str -4) [an orb of
                  | fire]
 95302 | Zot:5    | Gained mutation: You are very clumsy. (Dex -4) [an orb of
                  | fire]
 95436 | Zot:5    | Lost mutation: You have a pair of small antennae on your
                  | head. [potion of mutation]
 95436 | Zot:5    | Lost mutation: Your body sometimes deteriorates upon taking
                  | damage. [potion of mutation]
 95436 | Zot:5    | Lost mutation: You are very weak. (Str -4) [potion of
                  | mutation]
 95436 | Zot:5    | Gained mutation: You are partially covered in iridescent
                  | scales. (AC +2) [potion of mutation]
 95896 | Zot:5    | Gained mutation: You tend to lose your temper in combat.
                  | [an orb of fire]
 95896 | Zot:5    | Gained mutation: You sometimes lose the ability to read
                  | scrolls when taking damage. [an orb of fire]
 95898 | Zot:5    | Lost mutation: You are very dopey. (Int -4) [potion of
                  | mutation]
 95898 | Zot:5    | Lost mutation: Your spells are easier to cast, but less
                  | powerful. [potion of mutation]
 95898 | Zot:5    | Lost mutation: Your magical capacity is extremely low.
                  | (-30% MP) [potion of mutation]
 95898 | Zot:5    | Gained mutation: You are mostly covered in iridescent
                  | scales. (AC +4) [potion of mutation]
 95905 | Zot:5    | Gained mutation: Your magical capacity is extremely low.
                  | (-30% MP) [mutagenic glow]
 95914 | Zot:5    | Gained mutation: Your body sometimes deteriorates upon
                  | taking damage. [mutagenic glow]
 96056 | Zot:5    | Lost mutation: You are mostly covered in iridescent scales.
                  | (AC +4) [potion of mutation]
 96056 | Zot:5    | Lost mutation: Your body sometimes deteriorates upon taking
                  | damage. [potion of mutation]
 96056 | Zot:5    | Lost mutation: You are weak. (Str -2) [potion of mutation]
 96056 | Zot:5    | Gained mutation: You evolve. [potion of mutation]
 96067 | Zot:5    | Got the Orb of Zot
 96278 | Depths:5 | Noticed Sahuph the pandemonium lord
 96809 | D:$      | Escaped with the Orb!

Illustrated notes ############### #.........|.... #.############# ########## #.# #........####.# ##### #.###......##.# #...# #†# #......'..# #...# #.# #......#######...###### #.# #.....@+.....'......... #.# #......####.##.....#### #.######'##.....##.....# #.#....#.##.######.....# #.#.#.##.##.# #...### #...#.##.##'######...###### #####'##>.................. #.....##...############## #.....##...# # #.....##...# # #.....###+## # Turn 2684 on D:3: - did i just lag-type my way into an accidental teleport ....# ,, , , , , PP..#* * , , , ,, , P.... .P........ , ,, , PP... ........... , , ,,,, PP... , .......... , ,, , ....., , ,....|... , , * , .##.# * , #....# ** , .# ## ## ### #....# * *.. ##### #.###....## #######♣### ##..#######.##......###..#.#.P##. ..............D.@................ .........................P.P.P.P. ................................. .........................P.P.P.P. .##.P.####.##.P..P.....#........# ####### #######.......##P.P.P.P. ##P.....##......## ## *#.....###P#P.P#P# #.### * * * #P......*#..#..P.. ..... , ........ ......... ...F. ,,, , , , , ,... Turn 17774 on Lair:2: - not ready for hydras * ##* ###.. * , ,, F# .... *, , , , , #.##... ....#. ,* .+.#.... **...# ,, , .+..#... # ,...# * *h.+.D.... #.##...# (.#...#!##.#. ##.#.#..# .....l#..#.#. ##..^....#########...... #....................... #.....@................ #........^.......[..... ##.................#### #................##≈≈# #.....###.......###≈≈≈≈ ##...#, #...#....##≈≈≈≈ #... ......#...##≈≈≈≈≈ #....*#.....#...##≈≈≈≈# #P.... #....#....#≈≈≈≈## ##... #.....#....≈≈)##. ,,,#.#####.....≈#### Turn 19301 on Lair:3: - not bad at all .......###..##[.#.###...## #..)). ###......####...#.#......# ###... ###.#<.).[.).##...####.####.... #.#.......####..# #.#....... #........#####..# #......#.. #........# #....# #......### #####...####.# #.##.# ##...#..# .......#####.# #.##.# #..#...## #...#####....###.##.# #.###..# #...# #.....##.##.# #.# ##.# #...#####...#.##@##.# #.# #.# ...##...#####.....N.###.# ##.#### ...##...## #....#......###.....# .........## ##...##.#...#...#...# ########..# #####...#....###...# ##.## #.....##.###.... #[.#######....###..##.... ##....)).[....##......... ######...[..###...#####. #<...### #...# #. ##...# ##### #. Turn 41662 on Snake:4: - they go down smooth til this one just kicks my ass ≈ ≈≈ , ≈≈, , ≈≈≈ ≈ , * , ≈ ≈≈ ≈ ≈≈ ** ≈ ≈ ≈ ≈ ≈≈≈≈≈≈..# ## ≈ ≈ ≈ ≈≈ , ..≈≈≈..###. . , ,* ≈ ≈ ≈ , ..≈≈........, , ≈ ≈ ,, * *...≈......., ..≈≈≈§≈≈≈. ≈ , #.≈≈≈≈≈≈≈≈ ≈ ≈ ≈ * ##..@≈≈≈≈≈≈≈ ≈ #######..@2≈≈≈≈≈≈≈ ≈ ≈ ........)≈≈≈≈≈≈≈≈ ≈ ≈≈≈≈≈≈≈.P...<..≈Z≈≈≈≈≈≈≈ ≈≈≈≈≈≈≈≈≈≈≈≈≈≈≈≈≈≈≈≈..≈≈ , ≈≈≈≈≈≈≈≈P≈≈≈≈≈≈≈Z≈P≈...# * ≈ ≈≈≈≈≈≈≈≈≈≈≈≈≈≈≈≈≈≈..#### * ≈ ≈≈≈≈≈≈≈≈≈P≈≈.P≈.P...# * ≈≈≈≈≈≈≈≈≈≈.....Z##### ## ≈ ≈≈≈≈≈≈≈≈≈..###P..# *##.. ≈ ≈≈≈≈≈≈)....# #...###..P≈ ≈ ≈ ≈≈≈≈≈≈)..#####.Z......≈≈ ≈ Turn 44543 on Shoals:3: - ouch ≈ ≈≈ , ≈≈, , ≈≈≈ ≈ , * , ≈ ≈≈ ≈ ≈≈ ** ≈ ≈ ≈ ≈ ≈≈≈≈≈≈..# ##. ≈ ≈ ≈ ≈≈ , ..≈≈≈..###... , ,* ≈ ≈ ≈ , ..≈≈........, , ≈ ≈ ,, * *...≈......., ..≈≈≈§≈≈≈. ≈ , #.§≈≈≈≈≈≈≈ ≈ ≈ ≈ * ##.§@§≈≈≈≈≈≈ ≈ #######..@≈§≈≈≈≈≈≈ ≈ ≈ ........)≈)§≈≈≈≈≈ ≈ ≈≈≈≈≈≈≈.P...<..≈≈≈≈≈≈≈≈≈ ≈≈≈≈≈≈≈≈≈≈≈≈≈≈≈≈≈≈≈≈..≈≈ , ≈≈≈≈≈≈≈≈P≈≈≈≈≈≈≈≈≈P≈...# * ≈ ≈≈≈≈≈≈≈≈≈≈≈≈≈≈≈≈≈≈..#### * , ≈≈≈≈≈≈≈≈≈P≈≈.P).P...# * ≈≈≈≈≈≈≈≈≈≈......##### ## ≈ ≈≈≈≈≈≈≈≈≈..###P..# *##.. ≈ ≈≈≈≈≈≈)....# #...###..P≈ ≈ ≈ ≈≈≈≈≈≈)..#####.Z......≈≈ ≈ Turn 44544 on Shoals:3: - wow .........................#####'## ..........................####.## .....^.............########.##.## .......###########.#......#..#.#. .......#..... , #.#......##..... .......#...., ,,,#.#......###...# .......#..######+#.#......##..... ...#####..#[#.cRR#.#..<...'..#.#. ..##.?.'..#!+.ccp#.#......#.##.## .##....#..#$#ccOp#.'......####.## ##.....#..######@#.#......####### #.....##.........#.####'#'#...... .....###.........#............... ....##.###########............... ...##............................ ..##............................. #'##............................. ...#...########.......#####...... ...#...#, , #.......#...##..... ...#...#, , #.......####.##.... .>.#...#,,....#..........##.##... Turn 61203 on Vaults:4: - hmmm #..§≈≈§hp.≈§≈§..... #...≈§≈≈≈§§§.≈≈§§.. #......≈≈≈§≈..§§≈.. #......≈≈≈.....§§.. #........≈≈........ #....Z...≈......... #..............(... ##..≈∩.........#### #.§≈≈..........## #.≈....(........## #@≈.....##.......# #.....#.####...... ##...##......#..≈. ######.######.... #.# *.... ##.# #### #..# #.## #.# #.## ##..## Turn 64101 on Depths:1: - this is a wacky latout , ##...## *, * ,* #.....# *, , ##...## , , , #.....# # * , , ##...## .# ,, * #.....# #.# , ##...## ,..# ,, , * .####'''#####...### , **, * ...§...§....#...... ,, * ...Z..⌠).☼......... * * ,#......V@.°.§...... * #A.....V[####...###* , * .....Z...# ..# , ,,..##...### ..# * , ..*###. ,.# , , , * * #.** ** # , ,, , , , ..,, ,, , ,,, ,,, #, * , , , * , , * , , ,* * ,* * Turn 68266 on Crypt:1: - oh criminy ♣..♣..♣ ♣♣♣♣..♣ #### ♣....♣♣♣♣.♣...♣♣ ##...##♣♣......♣♣♣...... #..∩..'................. ##...##♣...............♣ ####*♣♣........8.....♣♣ ♣..♣♣.♣..........♣ ♣♣♣♣♣♣♣♣......♣♣♣♣ * ####* ####♣♣.....# , ##.6.###..###+++###..* +..T.@T.............. ##...###............. *++ *##+# ############## ** *, ,, ,* , , ,* , , , , , + * ,,* *, , * * ,, *,, , ,, ,, , * * , , *, , , ,,,, , , *, , ,, Turn 69031 on WizLab: - wow i cannot heal here ♣♣♣♣♣♣♣ ♣♣ ♣..♣..♣ ♣♣♣♣. ##### ♣....♣♣♣♣.♣.. ##...##♣♣......♣♣♣... #..∩@.'.............. ##...##♣............. #####♣♣........8.... ♣..♣♣.♣........ ♣♣♣♣♣♣♣♣......♣ ########### ####♣♣.....# ##....##...###..###'''### #.....'.....'............ ##....##...###........... ##''####'############### ♣♣#..##.....##........... Turn 69435 on WizLab: - well that was disappointing * , * , , ,, , , , , #####*##### , ,, *#.... .... , , ## .... ...#** ** ,, * #.. ... ... ## * ,** E... .. .u ..#. * * #....#.#.#...e# * *............... , * ,, #...@...u... , ,$...u...uu.u..., , , ...#..u∩...#... , * *.,.....uu.... . ...........#...* * *.......u.... .) , #......#u#... # * #....u. .....#* *, , , , * * * ,, , ,, * Turn 72455 on Elf:2: - really should have taken the stairs ######.#.## ###...##....# #######...........# .............)....# .................#### ....................# .................##.########## ..................#..........# ....................########.# ...............E....# #.# ##############..@.E.#* ### * #..#).#E# ** , #..#ee# * , * #..#).#, , ** ,, ,, ####)e#* * * ,, , * *#ee# * , , * , , ,#..#,, , ** , ,,,, , ..3. , ,, , , , ..... ,, * ,, , .##.. ,, , , , ,, , ,, #. #.. , Turn 75574 on Elf:3: - i thought repel did not work on bolts , ,,* ##..........#####...... , #....(..(....#......... ,,, ...((....(.....##...... ,, , * ##.....○☼§..####....... , , #(:.}...§○.?$###....... ,,, ,, )=[$...§..J}()##....... , , [)φ)?..§.?)||!##....... , *#!|$##.J##()$##........ , ##!, ##J#$[[###........ ,, , , #JJ##)##* , , , ,, ,** #@##### , , , , **#HJ# , , ,, , ,, , , , , G.... , , , ,,, , ,, ........ , ,, .....G....., ,, , ,..^......... , , ,,, ............., , , ,, ..............,, , , , ,, , , ,, , , , , , ,, ,, , , , , , , * Turn 78630 on Slime:5: - dangit

#.............##.#.##............
..............#.#.###............
.>............##.## #............
#.............##.####.......∩....
#..#..#.#..P.....................
...##+...........#P...P......P...
#..#...#########.###.......>....#
#..#...#.......#............P#..P
#.#....#...#...#.##....#.....#...
#......#.l#.#.h+.#....##......#..
#.##...#.!.F.lF+@.#....#.....##..
#.#....#.!#.#.W+.......#.....##..
#.##...#h(.#...#.##.#.P#.....###.
#.#.#..#.......#..#.#.##......#.#
..^....#########.................
.................................
.................................
........^.......[.....)..........
#.................####...........
#................##≈≈##..........
.....###.......###≈≈≈≈###........


Turn 78947 on Lair:3: - hey exp! ###############################
..............................# ........C................)....#
)..#######################....# .........., ,, ,............# .#........ ,,
.........#(.# .#..##################..#..#..# .#†[)CpB)..†)).2........#..#..#
.#...T{p......){@1......#..#..# .#..#.c############..#..#p.#..# .#..#c......., ,
,..#, #..#..# .#..#........ , , * #pp#..# .#..#..#L.### ** , ,#pc#..#
.#..#..#..# ,, #.D#..# .#..#..#..# #Dp#..# .#..#..# .# , * , #TD#.)# .#,,#..# *
* #.u#).# * , , , , .sp#.[# , * , , , ,, pC.#..# Turn 87239 on Vaults:5: - wait
TWO invisibles

Levels and vault maps discovered:
D:1:      lemuel_arrival_behind_the_door_small, layout_loops_cross
D:2:      layout_loops_ring
D:3:      layout_basic, kennysheep_ying_yang, chequers_serial_rivers_marsh,
          uniq_grinder
D:4:      wander_river, layout_cave_pools, minmay_temple_entry_sparse_star
D:5:      layout_gridville, grunt_dithmenos_smoke_and_mirrors,
          okawaru_ov_weapons_minmay
D:6:      kennysheep_steamy, layout_basic, zin_treasury,
          ebering_ghost_reflecting_pool, hex_medium, uniq_sigmund
D:7:      layout_rooms, hangedman_abyss_or_decor_stabs, corexii_hall_statues_u,
          serial_bayou_crossing
D:8:      layout_gridville, david_lair_shrubbed, kennysheep_potato
D:9:      layout_roguey, nicolae_shop_overcharged_wands
D:10:     layout_loops_corners, mainiacjoe_overflow_24_doors,
          gammafunk_temple_overflow_wave, hex_tiny,
          chequers_serial_rivers_micro_d
D:11:     minmay_the_grid_triangle_9x9_recursive_3
          [minmay_the_grid_triangle_9x9_corrupted_corridor,
          minmay_the_grid_triangle_9x9_longest,
          minmay_the_grid_triangle_9x9_sparse_checkered,
          minmay_the_grid_triangle_9x9_prize_insulated,
          minmay_the_grid_triangle_9x9_empty,
          minmay_the_grid_triangle_9x9_subtriangle,
          minmay_the_grid_triangle_9x9_sprig,
          minmay_the_grid_triangle_9x9_intruding_spiral,
          minmay_the_grid_triangle_9x9_alien], layout_rooms,
          vehumet_altar_wand_db, uniq_josephine, uniq_maurice, uniq_sonja
D:12:     layout_roguey, hiddenorc1_lemuel
D:13:     layout_stronghold, david_vaults_1, grunt_ogre_cave,
          lemuel_flame_loot_1
D:14:     layout_basic, corexii_leaking_fountain, uniq_jorgrun
D:15:     grunt_enter_depths_hoard, layout_stronghold,
          wad_floor_pattern_untrapped, enter_trove_5,
          nicolae_ru_sacrificial_ziggurat
Temple:   zaba_magenta_temple
Lair:1:   layout_regular_city, lemuel_fruit_tree
Lair:2:   layout_long_grid, serial_forest, infiniplex_forest_clump_diagonal,
          infiniplex_forest_clump_long, infiniplex_forest_end_3,
          infiniplex_forest_lined_ring, infiniplex_forest_lined_room_2,
          infiniplex_forest_fountain, infiniplex_forest_straight_2, st_stairs_4
Lair:3:   lemuel_ratsnest, layout_regular_city,
          minmay_shoals_entry_lonely_mermaid,
          minmay_snake_entry_guardpost_medium, gauntlet_entry_generic,
          gammafunk_ghost_split
Lair:4:   layout_roguey, lemuel_old_faithful, grunt_megastairs_5, uniq_nessos
Lair:5:   layout_loops_ring
Lair:6:   minmay_lair_end_enchanted_forest, layout_loops_ring, slime_dummy
Shoals:1: layout_shoals, uniq_aizul
Shoals:2: layout_shoals, minmay_shop_mayhem
Shoals:3: cheibrodos_shoals_gigantism, layout_shoals, serial_shops,
          nicolae_stop_n_shop_1, uniq_nikola
Shoals:4: shoals_end_simple, layout_shoals,
          nicolae_shoals_siren_and_animal_friends, uniq_roxanne
Snake:1:  layout_gridlike, minmay_shop_star
Snake:2:  layout_cave_town
Snake:3:  layout_cave_shapes, grunt_megastairs_1
Snake:4:  grunt_snake_rune_serpentine_throne, layout_misc_corridors,
          serial_bayou_shore_a
Slime:1:  layout_caves
Slime:2:  cheibrodos_slime_lost_civilization_3, layout_caves
Slime:3:  layout_caves
Slime:4:  layout_caves
Slime:5
Orc:1:    layout_diamond_mine, uniq_erolcha
Orc:2:    grunt_orc_community_town_hall, layout_caves,
          grunt_orc_community_big_house_2, grunt_orc_community_big_house_2,
          grunt_orc_community_house_3, grunt_orc_community_house_3,
          grunt_orc_community_house_2, grunt_orc_community_house_3,
          grunt_orc_community_house_3, grunt_orc_community_house_1,
          nicolae_shop_firing_range
Elf:1:    layout_geoelf_diagonals, minivault_28, grunt_megastairs_3
Elf:2:    elven_hall_of_blades_hangedman_alternative
          [nicolae_blade_entry_pointy_end], layout_geoelf_octagon,
          portal_ice_cave_entry_ugly_swarm, serial_shops, nicolae_shop_stone,
          serial_sigils_hangedman_quiver
Elf:3:    minmay_elf_hall_spiked, layout_loops_corners, basic_altar
Vaults:1: vaults_dpeg_encased_lava, ontoclasm_vaults_idyll,
          ontoclasm_vaults_loading_screen, nicolae_vaults_alarming, v_misc_27,
          v_pattern_1, v_misc_13, v_misc_13, hangedman_vaults_restitches,
          nicolae_vaults_border_crossing, layout_vaults_ring, serial_shops,
          nicolae_shop_trees
Vaults:2: v_misc_19, vaults_room_large_hall, special_room_vaults
          [special_room_orc], minmay_crypt_entry_skeletal_spiral,
          hangedman_vaults_stream, v_misc_29, vaults_room_pool, v_misc_24,
          layout_vaults_quadrants, uniq_donald, uniq_jory
Vaults:3: nicolae_vaults_ring_of_whatevers, vaults_room_corners,
          vaults_room_octagon, v_misc_26, v_misc_5, hangedman_vaults_snaps,
          vaults_mumra_lcd, dpeg_vaults_monster_box, hangedman_vaults_trim,
          layout_vaults_omnibox, uniq_xtahua
Vaults:4: grunt_vaults_twisty, vaults_dpeg_doors, nicolae_vaults_asterisk,
          hangedman_vaults_capsules, nicolae_vaults_display_case,
          vaults_room_stairs_pillars, v_rooms_3,
          nicolae_vaults_diagonal_hallway_6, ontoclasm_vaults_gateway,
          ontoclasm_vaults_pinch, v_misc_29, layout_vaults_chaotic_city,
          serial_shops, shop, uniq_bai_suzhen, uniq_mara, uniq_margery
Vaults:5: serial_shops
Crypt:1:  layout_misc_corridors, grunt_crypt_arrival_guarded_gate, uniq_mennas
Crypt:2:  layout_gridlike, infiniplex_enter_wizlab_spiral, uniq_saint_roka,
          uniq_khufu
Depths:1: layout_gridville, hellmouth_3, abyss_entry, nicolae_uskayaw_dance_hall
Depths:2: cheibrodos_tormentor_scu, layout_gridlike, serial_shops,
          nicolae_shop_trees, hellmouth_1, nicolae_qazlal_general_emergency,
          marbit_kobold_abyss_entry, minmay_staircase_statues_hall_small
Depths:3: grunt_double_whammy, layout_cave_shapes, rand_demon_pan_entry_3,
          hell_entry, fedhas_altar_1, serial_shops, nicolae_shop_waterfront,
          minmay_staircase_windowed_large, minmay_shoptagon,
          serial_bayou_shore_b, uniq_sojobo
Depths:4: lemuel_river_lethe, abyss_entry, hell_entry
Depths:5: grunt_zot_entry_tricorne, layout_basic, serial_shops,
          nicolae_shop_behind_doors, hell_entry
Zot:1:    layout_gridlike, zot_minivault_2
Zot:2:    layout_onion_interference
Zot:3:    grunt_zot_stairs_faceoff, layout_misc_corridors, st_stairs_3,
          grunt_ministairs_5
Zot:4:    kennysheep_blocky_room, layout_onion_interference,
          st_grand_hoard_of_tiamat
Zot:5:    layout_misc_corridors

Skill      XL: |  1  2  3  4  5  6  7  8  9 10 11 12 13 14 15 16 17 18 19 20 21 22 23 24 25 26 27 |
---------------+----------------------------------------------------------------------------------+-----
Stealth        | 3 4 5 6 8 |  8.7
Necromancy     | 5 6 7 8 10 11 12 13 15 20 | 20.8
Spellcasting   | 3 4 6 9 |  9.0
Dodging        | 5 6 9 10 12 13 15 21 | 21.0
Fighting       | 1 5 6 9 11 12 13 15 16 20 | 20.0
Invocations    | 5 9 11 12 15 18 | 18.0
Axes           | 5 9 10 12 | 12.7
Evocations     | 7 9 12 13 15 18 | 18.0
Shields        | 6 8 12 14 15 | 15.0
Armour         | 6 7 9 16 | 16.0
Polearms       | 7 11 13 | 13.1
Ice Magic      | 5 10 11 12 | 12.0
Throwing       | 3 6 8 9 |  9.0
Earth Magic    | 2 3 12 | 12.0
Summonings     | 4 9 12 | 12.0
Staves         | 5 6 |  6.5

Action                   |  1- 3 |  4- 6 |  7- 9 | 10-12 | 13-15 | 16-18 | 19-21 | 22-24 | 25-27 || total
-------------------------+-------+-------+-------+-------+-------+-------+-------+-------+-------++-------
Melee: Short sword       |    16 |    15 |       |       |       |       |       |       |       ||    31
       Dagger            |       |     5 |       |       |       |       |       |       |       ||     5
       Hand axe          |       |     9 |   137 |   472 |  1117 |   865 |  1006 |   154 |       ||  3760
       Demon trident     |       |       |       |       |       |       |  2045 |  1290 |  3216 ||  6551
       Staff             |       |       |       |       |       |       |       |    77 |    88 ||   165
       Broad axe         |       |       |       |       |       |       |       |       |    92 ||    92
 Fire: Hunting sling     |       |       |     5 |       |       |       |       |       |       ||     5
Throw: Dart              |    14 |     3 |     9 |    55 |    69 |    29 |       |     4 |       ||   183
       Stone             |       |    45 |    30 |    33 |       |       |       |       |       ||   108
       Boomerang         |       |       |       |       |       |     5 |    53 |    53 |    67 ||   178
       Javelin           |       |       |       |       |       |       |       |    16 |   112 ||   128
 Cast: Pain              |    80 |    30 |    65 |     4 |       |       |       |       |       ||   179
       Vampiric Draining |       |    32 |    85 |   233 |   330 |   716 |   211 |     7 |    10 ||  1624
       Animate Skeleton  |       |     7 |    19 |       |       |       |       |       |       ||    26
       Animate Dead      |       |       |       |    39 |    48 |    51 |    43 |    10 |       ||   191
       Agony             |       |       |       |     2 |     4 |    17 |     7 |       |     1 ||    31
       Ozocubu's Armour  |       |       |       |       |       |       |    17 |    21 |    18 ||    56
       Simulacrum        |       |       |       |       |       |       |     3 |       |       ||     3
       Borgnjor's Vile C |       |       |       |       |       |       |       |    46 |    88 ||   134
       Blink             |       |       |       |       |       |       |       |       |    10 ||    10
       Haunt             |       |       |       |       |       |       |       |       |     9 ||     9
Invok: Minor Destruction |       |       |     5 |   111 |   155 |   137 |    23 |    14 |     2 ||   447
       Lesser Servant of |       |       |       |     5 |     1 |     2 |     9 |     2 |     1 ||    20
       Major Destruction |       |       |       |     5 |    22 |    34 |    30 |     2 |    19 ||   112
       Greater Servant o |       |       |       |       |     1 |     1 |     7 |     3 |     1 ||    13
 Abil: Heal Wounds       |       |     2 |     1 |     6 |       |     9 |     4 |     8 |    11 ||    41
       Evoke Blink       |       |       |       |       |       |       |       |     1 |       ||     1
Evoke: Wand              |       |       |     4 |    14 |    15 |   119 |    31 |    23 |    57 ||   263
       Lightning rod     |       |       |       |       |     4 |       |     4 |    12 |     4 ||    24
       Condenser vane    |       |       |       |       |       |     1 |     3 |     1 |       ||     5
       Box of beasts     |       |       |       |       |       |       |       |     1 |     3 ||     4
  Use: Scroll            |     1 |       |     8 |     9 |     7 |     8 |    11 |     9 |    21 ||    74
       Potion            |       |       |       |     4 |     1 |    15 |     8 |     8 |    21 ||    57
 Stab: Sleeping          |       |     1 |     3 |     2 |     8 |     5 |    12 |     4 |     8 ||    43
       Distracted        |       |       |       |     5 |     8 |     7 |    13 |     3 |    11 ||    47
       Paralysed         |       |       |       |       |       |       |     4 |       |     2 ||     6
Armor: Robe              |     5 |     7 |    10 |       |       |       |       |       |       ||    22
       Steam dragon scal |       |       |    46 |   137 |   292 |   405 |   613 |   204 |   411 ||  2108
       Skin              |       |       |       |       |       |       |       |     3 |       ||     3
       Quicksilver drago |       |       |       |       |       |       |       |       |   347 ||   347
Dodge: Dodged            |    26 |    32 |   147 |   462 |   908 |  1027 |  1329 |   606 |  1758 ||  6295
Block: Other             |       |       |       |    52 |    90 |       |       |       |       ||   142
       Reflection        |       |       |       |     3 |    29 |    75 |    32 |    41 |    36 ||   216
       Buckler           |       |       |       |       |   453 |   808 |   241 |       |       ||  1502
       Kite shield       |       |       |       |       |       |       |  1715 |  1121 |  2801 ||  5637
